 Dungeon Crawl Stone Soup version 0.32-a0-17-gb74e046682 (webtiles) character file.

Game seed: 13677296989342925513

127634 anacleto the Metamorph (level 16, -17/169 HPs)
             Began as a Troll Shapeshifter on Jan 15, 2024.
             Was an Elder of the Shining One.
             Demolished by a white ugly thing (45 damage)
             ... on level 15 of the Dungeon on Jan 16, 2024.
             The game lasted 02:04:28 (32646 turns).

anacleto the Metamorph (Troll Shapeshifter)        Turns: 32646, Time: 02:04:29

Health: -17/169    AC: 10    Str: 43    XL:     16   Next: 46%
Magic:  22/22      EV: 14    Int:  6    God:    the Shining One [****..]
Gold:   2400       SH: 14    Dex: 14    Spells: 15/15 levels left

rFire   + .          .
                       - Unarmed
rCold   x . .        E - melded +1 tower shield
rNeg    + + +        a - melded +0 acid dragon scales
rPois   +            (helmet currently unavailable)
rElec   .            P - melded +0 cloak
rCorr   .            (gloves unavailable)
SInv    .            (boots unavailable)
Will    +....        N - amulet of reflection
Stlth   +            c - +6 ring of strength
HPRegen 1.28/turn    k - ring "Apnaof Tewni" {Fire rN+ Dex+5}
MPRegen 0.18/turn

%: reflection
@: divinely shielded, snake-form, corroded, slowed, glowing, very slow
A: constrict, boosted hp, large, unfitting armour, (claws 3), regeneration 1,
(shaggy fur 1), (tough skin 1), frail 1
a: Begin Untransformation, Renounce Religion, Divine Shield, Cleansing Flame


You were on level 15 of the Dungeon.
You worshipped the Shining One.
The Shining One was greatly pleased with you.
You were an enormous serpent.
You visited 4 branches of the dungeon, and saw 23 of its levels.

You collected 2748 gold pieces.
You spent 348 gold pieces at shops.

Inventory:

Missiles
 d - 5 darts of dispersal
 l - 49 poisoned darts
 o - 4 atropa-tipped darts (quivered)
 p - 8 throwing nets
 x - 26 boomerangs
 z - a silver javelin
 A - 6 javelins
 K - 13 large rocks
 R - 5 datura-tipped darts
 T - 5 curare-tipped darts
Armour
 a - +0 acid dragon scales (melded)
 E - a +1 tower shield (melded)
 P - a +0 cloak (melded)
Jewellery
 c - a +6 ring of strength (left hand)
 k - the ring "Apnaof Tewni" (right hand) {Fire rN+ Dex+5}
   (You bought it in a shop on level 2 of the Orcish Mines)

   [ring of fire]

   Fire:      It enhances your fire magic.
   Dex+5:     It affects your dexterity (+5).
   rF+:       It protects you from fire.
   rC-:       It makes you vulnerable to cold.
   rN+:       It protects you from negative energy.
 I - a ring of protection from cold
 N - an amulet of reflection (around neck)
Talismans
 H - a serpent talisman (active)
 V - the blade talisman of Pantheism {rF+ Int+2 Stlth+}
   (You found it on level 5 of the Lair of Beasts)

   [blade talisman]

   Int+2:     It affects your intelligence (+2).
   rF+:       It protects you from fire.
   Stlth+:    It makes you more stealthy.
Wands
 g - a wand of light (3)
 h - a wand of roots (9)
 q - a wand of polymorph (23)
 C - a wand of flame (48)
 D - a wand of paralysis (7)
 O - a wand of digging (33)
 Q - a wand of mindburst (7)
Scrolls
 e - a scroll of teleportation
 i - a scroll of butterflies
 s - 3 scrolls of fog
 t - a scroll of poison
 u - a scroll of immolation
 v - 4 scrolls of noise
 w - a scroll of fear
 y - a scroll of vulnerability
 S - a scroll of revelation
 U - a scroll of identify
 W - a scroll of enchant weapon
 Y - a scroll of enchant armour
Potions
 b - 3 potions of lignification
 f - 3 potions of heal wounds
 j - 2 potions of mutation
 m - 3 potions of cancellation
 n - a potion of haste
 r - 5 potions of brilliance
 B - 2 potions of curing
 F - 3 potions of ambrosia
 G - 5 potions of enlightenment
 X - 2 potions of attraction
Miscellaneous
 L - a tin of tremorstones (2/2)
 Z - a box of beasts


   Skills:
 + Level 9.6 Fighting
 + Level 10.4 Throwing
 + Level 9.4 Dodging
 + Level 11.3 Unarmed Combat
 + Level 9.9 Invocations
 * Level 18.7 Shapeshifting


You had 15 spell levels left.
You didn't know any spells.
Your spell library contained the following spells:

 Spells                   Type           Power      Damage    Failure   Level
 Apportation              Tloc           0%         N/A       45%         1
 Freeze                   Ice            0%         1d3       45%         1
 Necrotise                Necr           0%         1d4       45%         1
 Slow                     Hex            0%         N/A       45%         1
 Sting                    Conj/Alch      0%         1d3       45%         1
 Summon Small Mammal      Summ           0%         N/A       45%         1
 Call Canine Familiar     Summ           0%         N/A       83%         3
 Confusing Touch          Hex            0%         N/A       83%         3
 Frozen Ramparts          Ice            0%         1d1       83%         3
 Fugue of the Fallen      Necr           0%         N/A       83%         3
 Hailstorm                Conj/Ice       0%         3d5       83%         3
 Ozocubu's Armour         Ice            0%         N/A       83%         3
 Sigil of Binding         Hex            0%         N/A       83%         3
 Tukima's Dance           Hex            0%         N/A       83%         3
 Vampiric Draining        Necr           0%         2d6       83%         3
 Animate Armour           Summ/Erth      0%         N/A       99%         4
 Dimensional Bullseye     Hex/Tloc       0%         N/A       99%         4
 Iskenderun's Mystic Bla  Conj/Tloc      0%         2d3       99%         4
 Manifold Assault         Tloc           0%         N/A       99%         4
 Passage of Golubria      Tloc           0%         N/A       99%         4
 Summon Blazeheart Golem  Fire/Summ      0%         N/A       99%         4
 Summon Lightning Spire   Summ/Air       0%         N/A       99%         4
 Iskenderun's Battlesphe  Conj           0%         2d6       100%        5
 Lee's Rapid Deconstruct  Erth           0%         3d4*      100%        5
 Yara's Violent Unravell  Hex/Alch       0%         3d3       100%        5
 Bombard                  Conj/Erth      0%         9d1       100%        6
 Orb of Destruction       Conj           0%         9d5       100%        7
 Spellforged Servitor     Conj/Summ      0%         N/A       100%        7


Dungeon Overview and Level Annotations

Branches:
Dungeon (15/15)            Temple (0/1) D:7            Lair (5/5) D:10
  Swamp (1/4) Lair:3        Snake (0/4) Lair:2        Slime (0/5) Lair:5
    Orc (2/2) D:10            Elf (0/3) Orc:2        Vaults (0/5) D:14
 Depths (0/4) D:15

Altars:
Cheibriados
Dithmenos
Elyvilon
Fedhas
Kikubaaqudgha
Makhleb
Nemelex Xobeh
Qazlal
Ru
Sif Muna
Trog
Vehumet
Wu Jian
The Shining One
Ignis
Jiyva

Shops:
D:4 (   D:6 [   Orc:2 [*((

Portals:
Hell: Lair:5
Abyss: Lair:5

Annotations:
Lair:5 2 transporters, jejorda2's ghost, journeyman GnBe


Innate Abilities, Weirdness & Mutations

You are an enormous serpent.
You have a powerful constriction melee attack.
Your maximum health is increased.
Your armour is entirely melded.
You are incapable of wielding weapons or throwing items.
You are too large for most types of armour.
((You have claws for hands.))
Your natural rate of healing is unusually fast.
((You are covered in fur. (AC +1)))
((You have tough skin. (AC +1)))
You are frail. (-10% HP)


Message History

You lash the white ugly thing!
The white ugly thing is heavily wounded.
You constrict the white ugly thing!
The brown ugly thing basks in the mutagenic energy from its kin and changes!
The white ugly thing basks in the mutagenic energy from its kin and changes!
You body-slam the white ugly thing!!
You kill the white ugly thing!
You barely miss the brown ugly thing. You grab the brown ugly thing.
You constrict the brown ugly thing.
The brown ugly thing closely misses you.
You body-slam the brown ugly thing!!
The brown ugly thing is moderately wounded.
You constrict the brown ugly thing. The brown ugly thing stings you.
The acid corrodes you!
You are splashed with acid!
You crush the brown ugly thing!!!
The brown ugly thing is almost dead.
You constrict the brown ugly thing.
You block the brown ugly thing's attack.
You body-slam the brown ugly thing!!
You kill the brown ugly thing!
The cyan ugly thing basks in the mutagenic energy from its kin and changes!
You crush the white ugly thing!!! You grab the white ugly thing.
The white ugly thing is heavily wounded.
You constrict the white ugly thing. The white ugly thing tail-slaps you.
The white ugly thing freezes you!!!
You feel a terrible chill!
You body-slam the white ugly thing!!
You kill the white ugly thing!
The white ugly thing tail-slaps you. The white ugly thing freezes you!!!
You feel a terrible chill!
* * * LOW HITPOINT WARNING * * *
Things that are here:
an ugly thing corpse; an ugly thing corpse; an ugly thing corpse You block the white ugly thing's attack.
You body-slam the white ugly thing!!
You grab the white ugly thing.
The white ugly thing is heavily wounded.
You constrict the white ugly thing. The white ugly thing tail-slaps you!
* * * LOW HITPOINT WARNING * * *
The white ugly thing freezes you!!!
You feel a terrible chill!
You feel yourself slow down.
You die...

..........#..# #
..............#..# # ######
.............#..# # .....#
.............#..# # ####.#
#...............### #.#
#..##........#..<.. #.#
#..<.......#.#..#.. #.#
########..#.#####.#.#..#..
#.###.....##.Su.......#.#.....
#.##.......##†#.........#.####
####.#..##'##..#†#...............
...#.#..#...#..#.###########.####
.....#8.#.>.#.8#.............#
...###..#...#..##################
...# #..#####..# #......
...####.......## #.#####
...#†<##.....## ######....<.


You could see a white ugly thing.

Vanquished Creatures
  An orc warlord (Orc:1)
  Nessos (Lair:5)
  2 eleionomae
  A bunyip (Lair:3)
  A dire elephant (Lair:5)
  Snorg (D:11)
  A fire dragon (D:15)
  An entropy weaver (shapeshifter) (D:15)
  2 deep elf high priests (D:14)
  Josephine (Lair:5)
  13 hydras
  Harold (D:9)
  A hell beast (Lair:5)
  A vault guard (D:13)
  An ogre mage (D:10)
  2 rakshasas
  2 catoblepae
  17 centaur warriors
  6 two-headed ogres
  5 boulder beetles
  4 death yaks (D:10)
  Urug (Lair:2)
  3 occultists
  5 tengu warriors
  2 deep elf knights (D:14)
  2 skysharks
  2 orc high priests (Orc:2)
  18 skeletal warriors
  A glowing orange brain (D:14)
  4 orc knights
  2 deep elf pyromancers (D:15)
  8 ugly things
  A necromancer (D:15)
  A will-o-the-wisp (Swamp:1)
  A manticore (D:11)
  A cyclops (D:11)
  3 meliai (D:11)
  12 elephants
  7 centaur zombies
  3 kobold blastminers (Orc:2)
  A torpor snail (Lair:1)
  10 molten gargoyles
  A gargoyle (D:12)
  4 orange demons (Lair:5)
  2 black mambas
  11 cane toads
  2 centaur skeletons (D:15)
  Jeremiah (D:7)
  2 kobold demonologists (D:12)
  4 rime drakes
  10 komodo dragons
  2 unseen horrors
  A tengu conjurer (D:15)
  4 efreet (D:14)
  A redback zombie (D:14)
  A harpy zombie (D:14)
  2 ice devils (Lair:5)
  A bloated husk (Swamp:1)
  2 polar bears
  4 trolls
  A hellwing (Lair:5)
  2 hornets
  13 blink frogs
  A dream sheep (Lair:4)
  2 meliai zombies (D:14)
  18 slime creatures
  6 wraiths
  3 water elementals (D:15)
  A spriggan (Swamp:1)
  6 wyverns
  2 centaur simulacra
  66 yaks
  2 vampires (D:10)
  A shadow (D:12)
  4 basilisks
  A warg (Orc:1)
  2 steam dragons
  7 vampire mosquitoes
  Menkaure (D:4)
  2 swamp worms (Swamp:1)
  Edmund (D:4)
  4 hell hounds (Lair:5)
  17 water moccasins
  3 acid dragons
  32 orc warriors
  2 sky beasts
  2 ice beasts
  2 black bears
  12 ogres
  3 laughing skulls
  A hornet zombie (D:14)
  17 wolves
  10 centaurs
  4 phantoms
  5 kobold brigands
  15 bullfrogs
  3 gnoll sergeants
  4 scorpions
  3 killer bees (D:7)
  4 howler monkeys
  6 electric eels
  A bombardier beetle (D:5)
  A lava snake (D:12)
  23 orc priests
  4 hounds
  A gnoll bouda (D:8)
  A jelly (D:5)
  2 hell rats (Lair:4)
  3 iguanas
  40 orc wizards
  2 sleepcaps
  16 gnolls
  9 adders
  9 river rats
  3 shadow imps
  3 white imps
  3 ufetubi
  A dart slug (D:2)
  3 ribbon worms
  81 orcs
  6 endoplasms
  5 giant cockroaches
  7 goblins
  8 hobgoblins
  9 jackals
  A quokka (D:5)
  3 training dummies (D:4)
  5 ball pythons
  6 bats
  2 frilled lizards
  2 frilled lizard zombies (D:4)
  28 kobolds
  13 rats
800 creatures vanquished.

Vanquished Creatures (others)
  A rakshasa (D:13)
  A centaur simulacrum (D:15)
  8 foxfires (Swamp:1)
10 creatures vanquished.

Grand Total: 810 creatures vanquished

Notes
Turn   | Place    | Note
-------+----------+-------------------------------------------
     0 | D:1      | anacleto the Troll Shapeshifter began the quest for the
                  | Orb.
     0 | D:1      | Reached XP level 1. HP: 18/18 MP: 0/0
   187 | D:1      | Reached skill level 1 in Fighting
   324 | D:1      | Reached XP level 2. HP: 27/27 MP: 1/1
   893 | D:1      | Reached XP level 3. HP: 33/33 MP: 2/2
  1424 | D:2      | Reached XP level 4. HP: 41/41 MP: 3/3
  1440 | D:2      | Reached skill level 1 in Throwing
  1906 | D:4      | Found an ancient bone altar of Kikubaaqudgha.
  1985 | D:4      | Noticed a phantom
  2002 | D:4      | Killed a phantom
  2003 | D:4      | Reached skill level 4 in Shapeshifting
  2003 | D:4      | Reached XP level 5. HP: 44/49 MP: 4/4
  2055 | D:4      | Noticed Edmund
  2064 | D:4      | Killed Edmund
  2065 | D:4      | Reached XP level 6. HP: 57/57 MP: 5/5
  2092 | D:4      | Found Fot Tora's Firing Range.
  2130 | D:4      | Bought 3 boomerangs for 60 gold pieces
  2166 | D:4      | Noticed Menkaure
  2173 | D:4      | Killed Menkaure
  2296 | D:4      | Found a glowing golden altar of the Shining One.
  2354 | D:4      | Reached skill level 5 in Shapeshifting
  2354 | D:4      | Reached XP level 7. HP: 9/66 MP: 6/6
  2438 | D:4      | Became a worshipper of the Shining One
  2454 | D:4      | Found an ornate altar of the Wu Jian Council.
  2823 | D:3      | Found a snail-covered altar of Cheibriados.
  3134 | D:3      | Found a radiant altar of Vehumet.
  3198 | D:3      | Found a shimmering blue altar of Sif Muna.
  3444 | D:5      | Entered Level 5 of the Dungeon
  3454 | D:5      | Reached skill level 6 in Shapeshifting
  3628 | D:5      | Found a sacrificial altar of Ru.
  3699 | D:5      | Reached XP level 8. HP: 59/74 MP: 7/7
  3822 | D:5      | Identified the +2 scale mail of the Ward {Int+6 Dex-4
                  | Stlth+}
  3896 | D:5      | Reached skill level 7 in Shapeshifting
  4078 | D:5      | Found a white marble altar of Elyvilon.
  4257 | D:6      | Reached * piety under the Shining One
  4262 | D:6      | Reached skill level 8 in Shapeshifting
  4356 | D:6      | Found Liusuah's Armour Shop.
  4612 | D:6      | Reached skill level 9 in Shapeshifting
  4684 | D:6      | Reached XP level 9. HP: 54/80 MP: 8/8
  4796 | D:6      | Found a sparkling altar of Nemelex Xobeh.
  5186 | D:7      | Reached skill level 10 in Shapeshifting
  5407 | D:7      | Reached ** piety under the Shining One
  5450 | D:7      | Identified the +3 buckler of Vutofaocw {Regen+ Str+4 Dex+4}
  5726 | D:7      | Noticed Jeremiah
  6014 | D:8      | Found a shadowy altar of Dithmenos.
  6023 | D:8      | Reached skill level 1 in Invocations
  6578 | D:7      | Found a staircase to the Ecumenical Temple.
  6620 | D:9      | Reached skill level 11 in Shapeshifting
  6693 | D:9      | Found a bloodstained altar of Trog.
  7354 | D:7      | Killed Jeremiah
  7355 | D:7      | Reached XP level 10. HP: 91/91 MP: 8/10
  7721 | D:9      | Found a stormy altar of Qazlal.
  7817 | D:9      | Noticed Harold
  7830 | D:9      | Killed Harold
  7831 | D:9      | Reached skill level 5 in Unarmed Combat
  8089 | D:10     | Entered Level 10 of the Dungeon
  8140 | D:10     | Found a staircase to the Lair.
  8392 | D:10     | Noticed a two-headed ogre
  8397 | D:10     | Killed a two-headed ogre
  8418 | D:10     | Noticed a two-headed ogre
  8425 | D:10     | Noticed a centaur warrior
  8425 | D:10     | Noticed an orc knight
  8425 | D:10     | Noticed a purple ugly thing
  8425 | D:10     | Noticed an ogre mage
  8425 | D:10     | Found the ring of the Mage {Wiz Archmagi}
  8426 | D:10     | Noticed a centaur warrior
  8510 | D:10     | Killed a two-headed ogre
  8511 | D:10     | Reached skill level 12 in Shapeshifting
  8645 | D:10     | Killed a centaur warrior
  8723 | D:10     | Reached XP level 11. HP: 95/95 MP: 12/12
  8872 | D:10     | Killed an orc knight
  9126 | D:10     | Noticed a two-headed ogre
  9138 | D:10     | Killed a two-headed ogre
  9226 | D:10     | Killed a purple ugly thing
  9466 | D:10     | Found a staircase to the Orcish Mines.
  9578 | D:10     | Killed an ogre mage
  9579 | D:10     | Reached skill level 5 in Throwing
  9806 | D:10     | Identified the amulet "Xaricaptu" {RegenMP ^Drain rPois
                  | rC++ rCorr}
  9846 | D:10     | Identified the +5 dagger of the Coin {speed, rElec rF+
                  | Int-4 Dex+5}
  9864 | D:10     | Killed a centaur warrior
  9865 | D:10     | Reached skill level 5 in Dodging
  9873 | D:10     | Reached skill level 5 in Fighting
 10287 | Orc:1    | Entered Level 1 of the Orcish Mines
 10509 | Orc:1    | Noticed a two-headed ogre
 10565 | D:10     | Killed a two-headed ogre
 10566 | D:10     | Reached skill level 13 in Shapeshifting
 10949 | Orc:1    | Reached skill level 5 in Invocations
 11149 | Orc:2    | Entered Level 2 of the Orcish Mines
 11170 | Orc:2    | Noticed an orc high priest
 11173 | Orc:2    | Noticed a sixfirhy
 11333 | Orc:2    | Gained mutation: You are frail. (-10% HP) [a neqoxec]
 11337 | Orc:2    | Killed an orc high priest
 11610 | Orc:2    | Noticed an orc knight
 11652 | Orc:1    | Killed an orc knight
 11835 | Orc:1    | Reached XP level 12. HP: 99/99 MP: 14/14
 12358 | Orc:2    | Noticed an orc high priest
 12586 | Orc:2    | Killed an orc high priest
 12689 | Orc:2    | Reached skill level 14 in Shapeshifting
 13403 | Orc:2    | Noticed an orc warlord
 13447 | Orc:1    | Killed an orc warlord
 13810 | Orc:2    | Found a staircase to the Elven Halls.
 13897 | Orc:2    | Found Nukub's Antique Weapon Shop.
 13901 | Orc:2    | Found Azxeyfie's Antique Armour Boutique.
 14039 | Orc:2    | Found Alaxamp's Assorted Antiques.
 14047 | Orc:2    | Bought a coiled carnelian ring for 80 gold pieces
 14047 | Orc:2    | Identified the ring "Apnaof Tewni" {Fire rN+ Dex+5} (You
                  | bought it in a shop on level 2 of the Orcish Mines)
 14047 | Orc:2    | Bought a scroll labelled QONURPH XILIATZ for 16 gold pieces
 14047 | Orc:2    | Bought a scroll of identify for 32 gold pieces
 14047 | Orc:2    | Bought a potion of haste for 160 gold pieces
 14156 | Orc:2    | Found Myseh's Weapon Boutique.
 14491 | D:11     | Noticed a two-headed ogre
 14497 | D:11     | Noticed a boulder beetle
 14499 | D:11     | Killed a two-headed ogre
 14642 | D:11     | Killed a boulder beetle
 15167 | D:11     | Noticed Snorg
 15179 | D:11     | Killed Snorg
 15672 | D:11     | Reached skill level 15 in Shapeshifting
 16074 | Lair:1   | Entered Level 1 of the Lair of Beasts
 16258 | Lair:1   | Reached XP level 13. HP: 109/109 MP: 16/16
 17593 | Lair:2   | Reached skill level 16 in Shapeshifting
 17819 | Lair:2   | Found a staircase to the Snake Pit.
 17922 | Lair:2   | Noticed Urug
 17936 | Lair:2   | Killed Urug
 18539 | Lair:3   | Identified the +4 short sword of Defenestration {vamp,
                  | rElec Stlth+}
 18951 | Lair:3   | Found a staircase to the Swamp.
 18951 | Lair:3   | Noticed an eleionoma
 18961 | Lair:3   | Killed an eleionoma
 19714 | Swamp:1  | Entered Level 1 of the Swamp
 19732 | Swamp:1  | Reached XP level 14. HP: 119/119 MP: 18/18
 20159 | Swamp:1  | Found a blossoming altar of Fedhas.
 20640 | D:12     | Reached skill level 17 in Shapeshifting
 21701 | D:13     | Reached *** piety under the Shining One
 23936 | Lair:4   | Reached skill level 10 in Unarmed Combat
 24795 | Lair:5   | Entered Level 5 of the Lair of Beasts
 24814 | Lair:5   | Found a transporter.
 24833 | Lair:5   | Found a transporter.
 24881 | Lair:5   | Noticed jejorda2's ghost (journeyman GnBe)
 25088 | Lair:5   | Reached XP level 15. HP: 130/130 MP: 20/20
 25307 | Lair:5   | Identified the blade talisman of Pantheism {rF+ Int+2
                  | Stlth+}
 25359 | Lair:5   | Found a viscous altar of Jiyva.
 25373 | Lair:5   | Found a staircase to the Slime Pits.
 25396 | Lair:5   | Noticed Nessos
 25417 | Lair:5   | Killed Nessos
 26459 | Lair:5   | Found a burning altar of Makhleb.
 26459 | Lair:5   | Noticed Josephine
 26465 | Lair:5   | Killed Josephine
 27046 | Lair:5   | Found a gateway to Hell.
 27167 | Lair:5   | Found a one-way gate to the infinite horrors of the Abyss.
 27711 | D:13     | Reached **** piety under the Shining One
 27988 | D:13     | Reached skill level 18 in Shapeshifting
 28315 | D:14     | Found a gate to the Vaults.
 28880 | D:14     | Reached ***** piety under the Shining One
 30305 | D:13     | Reached XP level 16. HP: 140/140 MP: 20/22
 30430 | D:14     | Reached skill level 10 in Throwing
 31247 | D:14     | Found a candlelit altar of Ignis.
 31292 | D:14     | Identified the +9 sling of Futuhul {freeze, ^Fragile rC+
                  | Dex+3}
 31529 | D:15     | Entered Level 15 of the Dungeon
 32418 | D:15     | Found a staircase to the Depths.
 32646 | D:15     | Demolished by a white ugly thing

Illustrated notes

Levels and vault maps discovered:
D:1:      erik_arrival_cave_to_civilisation [erik_arrival_cave_to_hall],
          layout_basic, grunt_decor_cap
D:2:      layout_basic, minmay_door_square
D:3:      layout_rooms, amcnicky_altar_gilded, lemuel_blue_sif_altar,
          mainiacjoe_overflow_alcove_2
D:4:      nicolae_cairo_tiling, layout_gridville,
          lemuel_zombie_altar_kikubaaqudgha,
          mainiacjoe_overflow_concentric_impassable,
          mainiacjoe_overflow_catwalk, nicolae_shop_firing_range, uniq_edmund,
          uniq_menkaure
D:5:      layout_basic, nicolae_ru_great_annihilating_truth,
          mainiacjoe_overflow_tiny_flanked
D:6:      layout_loops_ring, marbit_many_paths, serial_shops,
          nicolae_shop_window_shopping
D:7:      layout_basic, minmay_temple_entry_grid, serial_corexii_hall,
          corexii_hall_statues_x, corexii_hall_statues_x, grunt_ogre_cave,
          uniq_jeremiah
D:8:      layout_loops_ring, nicolae_dithmenos_the_darkroom
D:9:      statuecave_lemuel, layout_loops_ring, kennysheep_mini_moat,
          mainiacjoe_overflow_six_doors_small, minmay_misc_feat_hallway,
          minivault_16, onia_ninara_dug_in_and_dangerous, uniq_harold
D:10:     minmay_the_grid_octo_triangle [minmay_the_grid_octo_empty,
          minmay_the_grid_octo_prize_ultimate_mussel_roller,
          minmay_the_grid_octo_focus], layout_basic, dpeg_oklobed_lair,
          orc_david_3
D:11:     layout_roguey, chequers_serial_rivers_micro_e, uniq_snorg
D:12:     layout_basic, minivault_8
D:13:     layout_roguey
D:14:     regret_index_infernal_bastille, layout_basic,
          hellmonk_vaults_order_and_chaos, serial_undead, serial_undead_c,
          serial_undead_f, serial_undead_c, serial_undead_d, hex_tiny,
          grunt_ministairs_15
D:15:     grunt_enter_depths_magical_seal, layout_basic,
          ebering_ghost_inner_flame, serial_ice, serial_ice_n, serial_ice_g,
          serial_ice_i, serial_ice_h, minmay_misc_feat_columns, st_stairs_5
Lair:1:   layout_small_grid
Lair:2:   layout_cave_pods, dummy_snake_entry, minivault_11, minivault_23,
          uniq_urug
Lair:3:   layout_concentric_octagons, alex1729_swamp_entry_worm_eleionoma
Lair:4:   layout_long_grid, st_stairs_7, kennysheep_rathole
Lair:5:   evil_forest, layout_gridlike, dpeg_slime_entry_corner,
          gammafunk_ghost_abyssal_escape, minivault_27, uniq_josephine,
          uniq_nessos
Swamp:1:  layout_falls_marsh, basic_altar
Orc:1:    layout_caves
Orc:2:    grunt_orc_community_town_hall, layout_caves,
          grunt_orc_community_big_house_1, grunt_orc_community_big_house_2,
          grunt_orc_community_house_1, grunt_orc_community_house_3,
          grunt_orc_community_house_2, grunt_orc_community_house_1,
          grunt_orc_community_house_1

Skill      XL: |  1  2  3  4  5  6  7  8  9 10 11 12 13 14 15 16 |
---------------+-------------------------------------------------+-----
Fighting       | 1 2 3 4 5 6 7 8 9 |  9.6
Dodging        | 2 3 4 5 6 7 8 9 |  9.4
Throwing       | 1 2 3 4 5 6 7 9 10 | 10.4
Shapeshifting  | 4 5 6 9 11 12 13 15 16 17 18 | 18.7
Unarmed Combat | 4 5 6 8 9 10 11 | 11.3
Invocations    | 2 3 5 6 7 8 9 |  9.9

Action                     |  1- 3 |  4- 6 |  7- 9 | 10-12 | 13-15 | 16-18 || total
---------------------------+-------+-------+-------+-------+-------+-------++-------
  Melee: Unarmed           |    84 |    76 |   319 |   601 |  1076 |   167 ||  2323
         Punch             |     2 |     3 |    10 |       |     3 |       ||    18
         Constrict         |       |       |     8 |   157 |   242 |    52 ||   459
  Throw: Boomerang         |       |     4 |    45 |       |       |       ||    49
         Large rock        |       |       |     4 |       |       |       ||     4
         Dart              |       |       |     1 |       |       |       ||     1
 Invoke: Divine Shield     |       |       |     2 |    32 |    48 |    12 ||    94
Ability: Begin Untransform |       |       |     1 |     3 |     3 |       ||     7
  Evoke: Wand              |       |       |     3 |    13 |     9 |     3 ||    28
    Use: Potion            |       |     3 |       |    12 |     2 |     1 ||    18
         Scroll            |       |       |     6 |    14 |    17 |     2 ||    39
 Armour: Animal skin       |    52 |    53 |   204 |       |       |       ||   309
         Skin              |       |    17 |    15 |   535 |   925 |   137 ||  1629
         Acid dragon scale |       |       |       |       |    20 |       ||    20
  Dodge: Dodged            |    29 |    41 |   121 |   357 |   679 |    88 ||  1315
  Block: Other             |       |       |       |    66 |   237 |    61 ||   364
         Kite shield       |       |       |       |    14 |       |       ||    14
         Reflection        |       |       |       |       |    20 |     6 ||    26
   Form: Serpent           |       |       |     1 |     3 |     2 |       ||     6
         Blade             |       |       |       |       |     1 |       ||     1

Table legend: (Time is in decaauts)
 A = Elapsed time spent in this place.
 B = Non-inter-level travel time spent in this place.
 C = Inter-level travel time spent in this place.
 D = Time resting spent in this place.
 E = Time spent auto-exploring this place.
 F = Levels seen in this place.
 G = Mean time per level.
                   A        B        C        D        E       F      G
               +--------+--------+--------+--------+--------+-----+--------+
         Total |  32450 |  30379 |   2071 |   7660 |   9997 |  23 | 1410.9 |
       Dungeon |  20152 |  18975 |   1177 |   4728 |   6617 |  15 | 1343.5 |
          Lair |   8468 |   7649 |    819 |   1491 |   2919 |   5 | 1693.6 |
         Swamp |    262 |    242 |     20 |     21 |      0 |   1 |  262.0 |
  Orcish Mines |   3567 |   3513 |     54 |   1420 |    461 |   2 | 1783.5 |
               +--------+--------+--------+--------+--------+-----+--------+

Top non-repeatable levels by time:
    D:14: 3272 daAuts
    D:10: 3128 daAuts
  Lair:5: 2610 daAuts
    D:13: 1814 daAuts
   Orc:1: 1801 daAuts
   Orc:2: 1766 daAuts
  Lair:3: 1757 daAuts
  Lair:4: 1546 daAuts
  Lair:2: 1355 daAuts
    D:11: 1318 daAuts
     D:9: 1268 daAuts
    D:12: 1267 daAuts
  Lair:1: 1198 daAuts
     D:4: 1152 daAuts
     D:1: 1073 daAuts
